Map: Acropolis LE

Players

Mez - Winner!

  • Race: Terran Terran
  • League: Master
  • Spawn Location: 11:00

БокалОливье

  • Race: Terran Terran
  • Spawn Location: 5:00

VOD

Have the link to the VOD?

Description

Time

  • Played on: Aug. 31, 2019, 8:45 a.m.
  • Length: 20:24
Show
View Real Time Build Order
Export as new Build Order

Mez Terran - Winner!

Build Orders: Gas First Reaper Expand, Hellion Opening 

Get SALT Encoding   

  12  0:00  SCV  
  13  0:12  SCV  
  14  0:17  Supply Depot  
  14  0:24  SCV  
  14  0:28  Refinery  
  15  0:39  SCV  
  16  0:45  Barracks  
  16  0:51  SCV  
  17  1:03  SCV  
  18  1:15  SCV  
  19  1:32  Reaper  
  19  1:33  Orbital Command  
  20  1:42  Command Center  
  20  1:53  Factory  
  20  1:59  SCV  
  21  2:09  Barracks Reactor  
  21  2:12  SCV, Supply Depot  
  22  2:17  Refinery  
  22  2:24  SCV  
  23  2:43  Starport  
  23  2:50  SCV, Hellion  
  23  2:51  Hellion  
  28  2:55  Barracks Tech Lab  
  28  2:56  Orbital Command  
  29  3:15  Marauder  
  29  3:16  Hellion x2  
  34  3:20  Concussive Shells  
  33  3:27  Medivac  
  37  3:35  Supply Depot  
  37  3:38  Hellion x2  
  39  3:50  SCV  
  39  3:51  SCV  
  41  4:03  SCV  
  42  4:12  Factory Tech Lab  
  42  4:14  Raven  
  42  4:15  Marine x2, SCV  
  42  4:16  SCV  
  48  4:21  Command Center  
  48  4:24  Supply Depot  
  48  4:28  SCV x2  
  44  4:58  SCV  
  44  4:59  SCV  
  44  5:00  Marine, Siege Tank  
  44  5:01  Marine  
  44  5:04  Raven  
  44  5:06  Barracks  
  51  5:07  Barracks  
  51  5:11  SCV x2  
  51  5:19  Refinery  
  49  5:22  Engineering Bay  
  49  5:23  SCV x2, Engineering Bay  
  49  5:27  Marine x2  
  53  5:32  Orbital Command  
  53  5:35  SCV x2  
  55  5:41  Siege Tank  
  58  5:47  SCV x2, Refinery  
  60  5:57  Starport Reactor  
  60  5:59  SCV x2, Barracks Reactor  
  60  6:02  SCV  
  60  6:03  Stimpack, Barracks Reactor  
  63  6:11  SCV x2, Barracks  
  63  6:12  Barracks  
  63  6:14  Orbital Command  
  65  6:21  Marine  
  65  6:24  Terran Infantry Weapons Level 1  
  65  6:25  Terran Infantry Armor Level 1  
  66  6:29  SCV x2  
  68  6:35  Supply Depot  
  68  6:36  Supply Depot  
  68  6:40  SCV  
  68  6:41  Marine x5  
  68  6:43  Siege Tank  
  68  6:44  Starport Reactor  
  77  6:57  SCV x3, Supply Depot  
  77  6:59  Marine x4  
  77  7:01  Supply Depot  
  85  7:05  Marine  
  85  7:06  Marine x2  
  87  7:09  SCV x3  
  87  7:12  Marine x2  
  92  7:16  Marine  
  92  7:19  Marine, Siege Tank  
  92  7:21  SCV x2  
  99  7:22  Supply Depot  
  99  7:28  Marine x5  
  99  7:29  Marine  
  104  7:30  Marine  
  104  7:32  SCV  
  104  7:33  SCV  
  104  7:34  Marine  
  109  7:38  Supply Depot  
  109  7:40  Armory  
  109  7:44  Medivac x2  
  109  7:45  SCV x3, Supply Depot  
  109  7:46  Refinery  
  109  7:47  Supply Depot  
  109  7:48  Supply Depot  
  116  7:52  Marine  
  117  7:58  Combat Shield  
  117  7:59  Marine x4  
  117  8:00  Siege Tank  
  117  8:03  SCV  
  125  8:07  SCV x2  
  125  8:11  Supply Depot  
  127  8:12  Supply Depot  
  127  8:15  Marine x4, SCV  
  127  8:19  SCV  
  133  8:23  Marine x4  
  133  8:25  Medivac x2  
  141  8:27  SCV x2  
  141  8:31  Refinery  
  143  8:35  Marine, Supply Depot  
  143  8:36  Siege Tank  
  143  8:37  Supply Depot  
  143  8:41  Terran Infantry Armor Level 2, Terran Infantry Weapons Level 2  
  147  8:58  Marine x9  
  147  9:00  Medivac  
  147  9:01  Medivac  
  160  9:08  Siege Tank  
  163  9:16  Marine  
  155  9:27  Marine  
  155  9:28  Marine x6  
  155  9:29  Marine  
  155  9:30  Medivac  
  155  9:31  Medivac  
  147  9:34  Marine  
  144  9:40  Siege Tank  
  144  9:45  Marine x2  
  147  9:47  Command Center  
  147  9:49  Marine x6, Supply Depot x3  
  155  9:56  Barracks, Factory  
  155  9:57  Barracks  
  155  9:59  Marine, Barracks  
  156  10:03  Marine  
  156  10:06  Marine  
  158  10:07  Marine x4  
  158  10:12  Siege Tank  
  165  10:19  Marine x3  
  165  10:21  Marine  
  169  10:24  Marine x2  
  171  10:34  Marine x2  
  171  10:35  Marine  
  174  10:37  Marine x3  
  174  10:38  Terran Vehicle Weapons Level 1  
  174  10:39  Marine  
  174  10:41  Marine  
  174  10:42  Marine  
  179  10:43  Command Center  
  179  10:44  Siege Tank  
  165  11:03  Viking x2  
  149  11:20  Siege Tank  
  149  11:23  Factory Tech Lab  
  149  11:24  Marine x9  
  160  11:27  Barracks Reactor  
  160  11:28  Barracks Reactor x2  
  156  11:46  Marine x5  
  148  11:47  Siege Tank  
  148  11:53  Siege Tank, Viking x2  
  137  11:58  Starport  
  137  11:59  Starport  
  137  12:01  Marine x4  
  137  12:04  Marine x2  
  141  12:19  Siege Tank  
  141  12:20  Planetary Fortress  
  142  12:23  Refinery x2, Viking  
  142  12:25  Siege Tank  
  144  12:30  Marine x7  
  149  12:37  SCV x2  
  149  12:40  Liberator x2  
  149  12:41  Liberator  
  151  12:45  Marine x6  
  151  12:47  Terran Infantry Armor Level 3, Terran Infantry Weapons Level 3  
  160  12:51  Siege Tank  
  149  13:07  Marine x10  
  149  13:08  Marine x4  
  152  13:17  SCV x4  
  152  13:19  Marine  
  151  13:29  Marine  
  151  13:30  Marine x9  
  154  13:37  Marine, Medivac  
  154  13:40  Medivac  
  131  13:56  Marine  
  131  13:57  Marine x13  
  145  14:09  Marine  
  146  14:14  Marine  
  146  14:15  Starport Reactor, Starport Tech Lab  
  147  14:17  Fusion Core  
  147  14:19  Medivac x2  
  149  14:24  Marine x6  
  155  14:38  Siege Tank x2  
  158  14:48  Marine x4  
  158  14:49  Marine x4  
  158  14:50  Marine x2  
  168  14:59  Marine  
  151  15:00  Marine x4  
  150  15:13  Marine  
  150  15:14  Marine x2  
  125  15:16  Marine  
  125  15:17  Orbital Command  
  118  15:27  Marine x3  
  109  15:34  SCV x2  
  111  15:38  Marine  
  112  15:44  SCV  
  110  15:55  SCV  
  110  15:56  SCV x3  
  95  16:04  Marine  
  95  16:05  Marine x3  
  78  16:17  SCV x4  
  82  16:29  SCV x2  
  84  16:34  SCV x2  
  86  16:41  Siege Tank x2, SCV  
  86  16:45  Marine x10  
  103  16:47  SCV x2  
  103  16:52  SCV  
  103  16:53  SCV  
  107  16:59  SCV  
  107  17:00  SCV  
  109  17:04  SCV  
  109  17:05  SCV  
  111  17:14  Marine x5  
  111  17:15  Marine x10  
  120  17:23  Siege Tank x2  
  120  17:26  SCV  
  126  17:30  Medivac  
  126  17:32  Marine x3  
  131  17:38  Medivac  
  131  17:39  Medivac  
  121  17:53  Marine x12  
  133  18:08  Marine  
  133  18:10  Liberator  
  132  18:16  Siege Tank x2  
  138  18:21  Command Center  
  134  18:28  Orbital Command  
  134  18:29  Viking  
  139  18:37  Refinery  
  139  18:49  Marine  
  139  18:50  Marine x9  
  139  18:55  Liberator x2  
  139  18:56  Liberator  
  139  18:58  Marine  
  138  19:17  Marine  
  138  19:18  Marine x4  
  143  19:32  Marine x6  
  144  19:39  Marine x5  
Show
View Real Time Build Order
Export as new Build Order

БокалОливье Terran 

Build Orders:  

Get SALT Encoding   

  12  0:00  SCV  
  13  0:13  SCV  
  14  0:18  Supply Depot  
  14  0:25  SCV  
  15  0:29  Refinery  
  15  0:39  SCV  
  16  0:44  Barracks  
  16  0:51  SCV  
  16  0:55  Refinery  
  17  1:03  SCV  
  18  1:16  SCV  
  19  1:33  Factory, Orbital Command  
  19  1:35  Reaper  
  20  1:46  Supply Depot  
  20  2:00  SCV  
  21  2:07  Reaper  
  22  2:12  SCV  
  23  2:20  Hellion  
  25  2:24  SCV  
  25  2:28  Command Center  
  26  2:36  SCV  
  27  2:38  Supply Depot  
  27  2:41  Reaper  
  28  2:44  Hellion  
  28  2:50  SCV  
  31  2:56  Starport  
  31  3:03  SCV  
  32  3:14  Barracks Tech Lab  
  32  3:16  Factory Tech Lab  
  32  3:20  SCV  
  33  3:35  Cyclone  
  33  3:38  SCV  
  37  3:42  Orbital Command  
  35  3:50  Raven  
  35  3:53  SCV  
  38  4:01  Barracks Reactor  
  37  4:05  SCV  
  37  4:06  Command Center  
  37  4:07  SCV  
  39  4:11  Siege Tank  
  39  4:16  Refinery  
  42  4:17  SCV  
  42  4:21  SCV  
  44  4:25  Supply Depot  
  44  4:29  Refinery  
  44  4:30  SCV  
  45  4:33  SCV  
  45  4:36  Raven  
  43  4:45  Marine  
  43  4:46  Marine  
  42  4:54  Cyclone  
  42  4:55  SCV  
  42  4:56  SCV  
  40  5:03  Marine x2  
  42  5:07  SCV  
  42  5:08  SCV  
  41  5:21  Marine  
  41  5:23  Marine  
  41  5:26  Siege Tank  
  41  5:27  SCV x2  
  46  5:39  Marine, SCV x2  
  46  5:42  Orbital Command  
  49  5:51  Raven  
  49  5:52  SCV x2  
  53  6:04  SCV x2  
  53  6:06  Factory Reactor  
  53  6:07  Barracks  
  53  6:10  Stimpack  
  55  6:15  SCV  
  55  6:16  SCV x2  
  58  6:20  Barracks  
  58  6:27  SCV  
  58  6:28  SCV x2  
  58  6:29  Engineering Bay  
  58  6:30  Engineering Bay  
  61  6:33  Marine  
  61  6:39  SCV  
  63  6:40  SCV x2  
  63  6:42  Supply Depot  
  63  6:45  Supply Depot  
  63  6:46  Starport Reactor  
  65  6:51  SCV  
  65  6:53  SCV x2  
  68  6:54  Supply Depot  
  68  6:56  Terran Infantry Weapons Level 1  
  68  6:58  Terran Infantry Armor Level 1  
  68  7:05  SCV x2, Supply Depot  
  68  7:08  Orbital Command  
  70  7:10  Siege Tank  
  73  7:16  Marine x3  
  73  7:21  SCV x2  
  78  7:33  SCV x3  
  81  7:42  Siege Tank, Barracks  
  84  7:45  SCV x3  
  84  7:46  Barracks  
  84  7:47  Marine x3  
  84  7:48  Marine  
  84  7:49  Combat Shield  
  91  7:57  SCV  
  91  7:58  Sensor Tower  
  92  7:59  Armory  
  92  8:12  Sensor Tower  
  92  8:14  Supply Depot  
  92  8:15  SCV x2, Supply Depot x2  
  92  8:16  SCV, Supply Depot x2  
  92  8:18  Supply Depot  
  92  8:19  Marine  
  96  8:20  Marine  
  96  8:23  Siege Tank  
  100  8:27  SCV  
  100  8:30  Factory  
  100  8:31  Medivac x2  
  105  8:35  SCV x2  
  105  8:39  SCV  
  105  8:40  Refinery x2  
  108  8:41  Marine x2  
  108  8:43  Barracks Reactor x2  
  108  8:46  Missile Turret  
  110  8:52  Marine x2, Missile Turret  
  112  9:00  Marine, Siege Tank  
  112  9:01  Marine x2  
  112  9:02  Medivac x2  
  122  9:10  Marine  
  116  9:27  Marine x8  
  93  9:41  Medivac x2  
  93  9:44  Marine  
  93  9:45  Marine x7  
  100  9:46  Barracks Reactor  
  103  10:00  Orbital Command  
  103  10:02  Marine  
  103  10:03  Marine x7  
  111  10:15  Terran Infantry Armor Level 2, Terran Infantry Weapons Level 2  
  111  10:16  Supply Depot  
  111  10:17  Siege Tank  
  111  10:18  Siege Tank  
  111  10:20  Marine  
  111  10:21  Marine x7  
  124  10:22  Orbital Command  
  124  10:24  Marine  
  126  10:38  Marine x2  
  128  10:49  Siege Tank  
  127  10:50  Marine x3  
  127  10:55  Orbital Command  
  120  10:58  Marine  
  120  10:59  Marine x6  
  120  11:01  Siege Tank  
  130  11:08  Marine x3  
  133  11:16  Marine x7  
  134  11:21  Siege Tank  
  136  11:26  Marine x3  
  139  11:33  Siege Tank  
  139  11:34  Marine x5  
  139  11:38  Marine x2  
  149  11:43  Marine  
  149  11:44  Marine x2  
  140  11:51  Marine  
  140  11:53  Siege Tank  
  138  11:59  Marine x6  
  144  12:01  Marine  
  144  12:02  Marine  
  144  12:04  Marine  
  144  12:05  Widow Mine  
  149  12:09  Marine  
  150  12:17  Marine x6  
  150  12:19  Marine x2  
  158  12:25  Widow Mine  
  158  12:26  Siege Tank  
  158  12:28  Marine  
  158  12:37  Marine  
  158  12:38  Marine x6  
  165  12:47  Terran Infantry Armor Level 3, Terran Infantry Weapons Level 3  
  165  12:53  Marine x3, Siege Tank  
  165  12:55  Marine  
  165  12:58  Marine x2  
  165  13:04  Marine x4  
  164  13:10  Marine x3  
  157  13:13  Marine  
  157  13:14  Siege Tank  
  157  13:16  Marine x2  
  154  13:21  Marine, Medivac x2  
  154  13:22  Marine x3  
  161  13:28  Marine x3  
  161  13:31  Marine  
  148  13:34  Marine x2  
  148  13:39  Marine  
  148  13:40  Marine x3  
  148  13:41  Siege Tank  
  143  13:46  Marine x3, Siege Tank  
  136  13:49  Marine  
  136  13:51  Medivac x2  
  136  13:52  Marine x2  
  129  13:57  Marine  
  129  13:58  Marine x3  
  124  14:04  Marine x3  
  124  14:06  Marine  
  113  14:10  Marine x2  
  113  14:13  Siege Tank  
  113  14:15  Marine  
  113  14:16  Marine x3  
  122  14:21  Medivac x2  
  122  14:22  Marine x3  
  126  14:24  Marine  
  126  14:27  Marine x2  
  129  14:33  Marine  
  129  14:34  Marine x3  
  133  14:40  Marine x2  
  133  14:41  Siege Tank  
  133  14:43  Marine x2  
  133  14:45  Marine x2, Siege Tank  
  142  14:51  Marine x4, Medivac x2  
  152  14:57  Marine x2  
  128  15:01  Marine x2  
  128  15:03  Marine x2  
  115  15:08  Marine  
  115  15:09  Marine x2  
  115  15:10  Marine  
  94  15:15  Marine x2  
  94  15:19  Marine  
  52  15:32  Marine x2  
  52  15:33  Marine  
  47  15:52  Marine x4  
  41  16:09  Marine  
  41  16:10  Marine x3, Orbital Command  
  44  16:44  Marine x4  
  48  16:52  Siege Tank  
  51  17:03  Marine x4  
  45  17:21  Marine x4  
  43  17:34  Orbital Command  
  43  17:38  Marine  
  43  17:39  Marine x3  
  42  17:56  Marine  
  43  18:03  Marine  
  40  18:26  Marine x2  
  42  18:30  Orbital Command  
  42  18:34  Marine  
  43  18:41  Marine  
  43  18:48  Marine  
  45  18:58  Marine x2  
  45  18:59  Marine  
  48  19:05  Marine  
  49  19:16  Marine x2  
  51  19:23  Marine  
  52  19:37  Marine x2  
  54  19:40  Orbital Command  
  54  19:46  Marine  
  54  19:49  Marine  
  56  19:59  Marine  
Tags
 
Add a new tag
Caveats
  • Supply blocks, unpowered buildings, or Contaminate may cause inaccurate times.
  • Supply counts are checked every 10 seconds.